 Dungeon Crawl Stone Soup version 0.30.1-11-g7821555f0a (webtiles) character file.

Game seed: 3584404374359021553

189 ChrisAssaf the Magician (level 5, -4/37 HPs)
             Began as a Mummy Earth Elementalist on Jan 6, 2024.
             Slain by a hound (5 damage)
             ... on level 4 of the Dungeon.
             The game lasted 00:06:52 (1607 turns).

ChrisAssaf the Magician (Mummy Earth Elementalist)  Turns: 1607, Time: 00:06:53

Health: -4/37      AC:  2    Str: 11    XL:     5   Next: 40%
Magic:  1/11       EV: 12    Int: 17    God:
Gold:   132        SH:  0    Dex: 12    Spells: 2/12 levels left

rFire   x . .        e - +1 trident of the Living Dead {pain, Fly rElec rC- Stlth+}
rCold   . . .        (no shield)
rNeg    + + +        a - +0 robe
rPois   ∞            (no helmet)
rElec   +            (no cloak)
rCorr   .            (no gloves)
SInv    .            (no boots)
Will    .....        b - amulet of the acrobat
Stlth   +++          (no ring)
HPRegen 0.26/turn    (no ring)
MPRegen 0.12/turn

%: acrobat, faith
@: flying, very slightly contaminated
A: cold resistance 1, negative energy resistance 3, torment resistance 2, heat
vulnerability 1, in touch with death 1, no potions, faith
a: no special abilities


You were on level 4 of the Dungeon.
You visited 1 branch of the dungeon, and saw 4 of its levels.

You collected 132 gold pieces.

Inventory:

Hand Weapons
 d - a +0 dagger
 e - the +1 trident of the Living Dead (weapon) {pain, Fly rElec rC- Stlth+}
   (You found it on level 3 of the Dungeon)

   rC:        It makes you vulnerable to cold.
   rElec:     It insulates you from electricity.
   Fly:       It grants you flight.
   Stlth:     It makes you more stealthy.
Armour
 a - a +0 robe (worn)
Jewellery
 b - an amulet of the acrobat (around neck)
Scrolls
 f - a scroll of identify


   Skills:
 * Level 1.2 Fighting
 * Level 0.9 Short Blades
 * Level 0.9 Armour
 * Level 1.8 Dodging
 * Level 2.0 Stealth
 * Level 4.1 Spellcasting
 * Level 0.7 Conjurations
 * Level 0.5 Necromancy
 * Level 1.1 Transmutations
 * Level 3.2 Earth Magic


You had 2 spell levels left.
You knew the following spells:

 Your Spells              Type           Power      Damage    Failure   Level
a - Sandblast             Erth           28%        2d8       4%          1
b - Passwall              Tmut/Erth      9%         N/A       10%         2
c - Stone Arrow           Conj/Erth      20%        3d8       21%         3
d - Petrify               Tmut/Erth      11%        N/A       54%         4

Your spell library contained the following spells:

 Spells                   Type           Power      Damage    Failure   Level
 Simulacrum               Ice/Necr       3%         N/A       100%        6
 Ozocubu's Refrigeration  Ice            1%         4d7       100%        7
 Polar Vortex             Ice            1%         N/A       100%        9


Dungeon Overview and Level Annotations

Branches:
Dungeon (4/15)
 Temple: D:4-7

Altars:
Qazlal

Annotations:
D:4 Dowan, Duvessa


Innate Abilities, Weirdness & Mutations

You are immune to poison.
Your flesh is cold resistant. (rC+)
You are immune to negative energy. (rN+++)
You are immune to unholy pain and torment.
You are vulnerable to heat. (rF-)
You are in touch with the powers of death.
You do not drink.
You have a special connection with the divine. (Faith)


Message History

Dowan gestures wildly while chanting.
Dowan blinks!
The hound bites you.
You closely miss the hound.
The hound is lightly wounded.
Duvessa closely misses you. The hound bites you. The hound barely misses you.
Duvessa hits you with a +0 short sword.
Your magical contamination has completely faded away.
Unknown command.
Aiming: Stone Arrow (quite dangerous; 21% risk of failure)
Press: ? - help, Q - select action, (/) - cycle Shift-Dir - straight line, f - hound
Aim: a hound (lightly wounded, 56% to hit)
You miscast Stone Arrow.
You are very lightly contaminated with residual magic.
Nothing appears to happen.
The hound barely misses you. Duvessa barely misses you.
Unknown command.
You hit the hound but do no damage.
The hound is lightly wounded.
The hound completely misses you. The hound bites you.
Duvessa closely misses you.
You barely miss the hound.
The hound is lightly wounded.
The hound barely misses you. Duvessa closely misses you.
The hound closely misses you.
You barely miss the hound.
The hound is lightly wounded.
The hound bites you. Duvessa hits you with a +0 short sword.
* * * LOW HITPOINT WARNING * * *
The hound bites you but does no damage. Duvessa closely misses you.
You closely miss the hound.
The hound is lightly wounded.
The hound bites you.
* * * LOW HITPOINT WARNING * * *
The hound bites you.
* * * LOW HITPOINT WARNING * * *
Duvessa closely misses you.
You barely miss the hound.
The hound is lightly wounded.
The hound bites you.
You die...

#..#### #.## #
###.# .. #...# ...
#.### .... #.#
..... #.#####......
...#.##.#.eJl......
........h@##.......
...#....### .#l....
#....## .# ....
....... .# ..#
....#.. ## l.
#...... . #.###..
.. #..


You could see Duvessa, an iguana, a hound and an endoplasm.

Vanquished Creatures
  Menkaure (D:4)
  3 adders
  A dart slug (D:3)
  2 bats
  3 endoplasms
  A giant cockroach (D:1)
  5 goblins
  7 hobgoblins
  4 jackals (D:2)
  5 ball pythons
  3 frilled lizards
  4 kobolds
  4 rats
43 creatures vanquished.

Notes
Turn   | Place    | Note
-------+----------+-------------------------------------------
     0 | D:1      | ChrisAssaf the Mummy Earth Elementalist began the quest for
                  | the Orb.
     0 | D:1      | Reached XP level 1. HP: 13/13 MP: 4/4
   266 | D:1      | Reached skill level 3 in Spellcasting
   312 | D:1      | Reached XP level 2. HP: 19/19 MP: 0/6
   315 | D:1      | Learned a level 2 spell: Passwall
   450 | D:1      | Found a faded altar of an unknown god.
   563 | D:2      | Gained mutation: You are in touch with the powers of death.
                  | [Mummy growth]
   563 | D:2      | Reached XP level 3. HP: 18/25 MP: 1/8
   644 | D:2      | Learned a level 3 spell: Stone Arrow
  1011 | D:3      | Identified the +1 trident of the Living Dead {pain, Fly
                  | rElec rC- Stlth+}
  1099 | D:3      | Found a stormy altar of Qazlal.
  1258 | D:3      | Noticed a centaur
  1434 | D:3      | Reached XP level 4. HP: 31/31 MP: 6/9
  1447 | D:3      | Learned a level 4 spell: Petrify
  1481 | D:4      | Noticed Menkaure
  1488 | D:4      | Killed Menkaure
  1489 | D:4      | Reached skill level 1 in Fighting
  1489 | D:4      | Reached skill level 4 in Spellcasting
  1489 | D:4      | Reached skill level 1 in Transmutations
  1489 | D:4      | Reached XP level 5. HP: 37/37 MP: 0/11
  1587 | D:4      | Noticed Dowan
  1594 | D:4      | Noticed Duvessa
  1606 | D:4      | HP: 1/37 [hound (3)]
  1607 | D:4      | Slain by a hound

Illustrated notes

Levels and vault maps discovered:
D:1:      roderic_dead_forest, layout_basic, hellmonk_ecumenical_altar_lost_god,
          chequers_avenue, minmay_pentomino_r4
D:2:      layout_rooms
D:3:      layout_basic, nicolae_qazlal_scattered_showers, minivault_26,
          minmay_circle_x
D:4:      layout_rooms, nicolae_hepliaklqana_monster_ancestors,
          minmay_temple_entry_arrows, serial_shops, shop, minmay_statues_item,
          uniq_menkaure, uniq_duvessa, uniq_crazy_yiuf_cottage

Skill      XL: |  1  2  3  4 |
---------------+-------------+-----
Spellcasting   | 3 4 |  4.1
Earth Magic    | 3 |  3.2
Fighting       | 1 |  1.2
Stealth        | 2 |  2.0
Transmutations | 1 |  1.1
Short Blades   | |  0.9
Armour         | |  0.9
Dodging        | |  1.8
Conjurations   | |  0.7
Necromancy     | |  0.5

Action                     |  1- 3 |  4- 6 || total
---------------------------+-------+-------++-------
  Melee: Dagger            |    15 |       ||    15
         Trident           |     9 |    10 ||    19
   Cast: Sandblast         |    39 |     1 ||    40
         Stone Arrow       |     3 |     4 ||     7
    Use: Scroll            |     5 |       ||     5
   Stab: Sleeping          |     1 |       ||     1
 Armour: Robe              |     5 |     1 ||     6
  Dodge: Dodged            |    50 |    18 ||    68
